Blue Jackets vs Blackhawks

Created - 27 novembre 2014 at 22:45

Goals
1 2 3 T
Blue Jackets 1 0 0 1
Blackhawks 1 1 4 6
Shots
1 2 3 T
Blue Jackets 7 13 11 31
Blackhawks 12 7 11 30

1st period

1. Blue Jackets , Ramzi Abid 7 (Mike Commodore) at 10:54
2. Blackhawks , Scott Gomez 11 (Kris Versteeg, Johnny Oduya) at 12:57

Penalties :
Steve McCarthy (Chi) for Holding (Minor) at 5:59

2nd period

3. Blackhawks , Chris Higgins 6 (Chris Campoli, Steve McCarthy) at 11:41

Penalties :
Mike Commodore (Clb) for Holding (Minor) at 9:30

3rd period

4. Blackhawks , Dominic Moore 8 (John Carlson, George Parros) at 3:09
5. Blackhawks , Wes O'Neill 2 (Kris Versteeg, Johnny Oduya) at 5:51
6. Blackhawks , Henrik Zetterberg 18 (Robert Nilsson, Kris Versteeg) at 12:25 (PP)
7. Blackhawks , Chris Higgins 7 (George Parros, Jeff Schultz) at 19:48

Penalties :
Johnny Oduya (Chi) for Roughing (Minor) at 3:31, Henrik Zetterberg (Chi) for Goalie Interference (Minor) at 7:31, A.J Thelen (Clb) for Cross-checking (Minor) at 12:08, Sheldon Keefe (Chi) for Roughing (Minor) at 15:12, François Beauchemin (Clb) for Hooking (Minor) at 19:51

Goalie Stats

Mathieu Garon (Clb), 24 saves from 30 shots - (0,800), L, 2-2-1, 60:00 minutes
Jocelyn Thibault (Chi), 30 saves from 31 shots - (0,968), W, 4-1-0, 60:00 minutes

Players Stats for Blue Jackets

Player Name              G  A  P  +/- PIM S  H  SB GA TA FO     MP     PP MP  PK MP  
------------------------------------------------------------------------------------
A.J Thelen               0  0  0   0  2   0  1  0  0  0  0/0    12:44   0:00   0:00 
Adam Deadmarsh           0  0  0   1  0   0  0  0  0  0  0/0    10:25   0:00   0:00 
Blake Wheeler            0  0  0  -2  0   2  2  0  0  0  0/0    19:35   3:28   0:34 
Brad Stuart              0  0  0  -2  0   1  0  1  0  0  0/0    19:53   2:26   0:50 
Branislav Mezei          0  0  0  -2  0   2  0  3  0  1  0/0    27:22   5:30   1:34 
Chris Kelly              0  0  0   1  0   3  1  0  2  0  2/4    10:25   0:00   0:00 
Dave Steckel             0  0  0  -1  0   0  0  0  0  0  1/1     9:47   0:00   0:00 
David Booth              0  0  0  -2  0   5  0  0  1  2  2/2    21:42   4:28   1:31 
François Beauchemin      0  0  0  -2  2   0  0  0  0  1  0/0    19:52   2:26   0:50 
Jan Bulis                0  0  0  -1  0   1  2  3  0  0  6/13   17:01   3:28   0:00 
Jason Ward               0  0  0  -1  0   0  0  0  0  0  0/0     9:47   0:00   0:00 
Jeff Taffe               0  0  0  -2  0   0  0  0  0  0  0/0    10:18   0:00   0:19 
Marc Savard              0  0  0  -2  0   3  2  0  0  1  21/38  21:42   4:28   1:31 
Marcus Nilson            0  0  0  -2  0   5  3  1  0  0  0/1    14:13   0:00   0:19 
Mike Commodore           0  1  1  -1  2   2  0  1  0  1  0/0    12:56   0:00   0:00 
Pavel Bure               0  0  0  -1  0   3  2  2  0  1  0/0    18:45   4:28   0:34 
Ramzi Abid               1  0  1   1  0   2  3  0  0  0  0/0    13:44   3:28   0:00 
Wade Redden              0  0  0  -2  0   2  0  3  0  1  0/0    27:22   5:30   1:34 

Players Stats for Blackhawks

Player Name              G  A  P  +/- PIM S  H  SB GA TA FO     MP     PP MP  PK MP  
------------------------------------------------------------------------------------
Chris Campoli            0  1  1   1  0   3  2  1  0  1  0/0    19:53   0:02   3:35 
Chris Higgins            2  0  2   2  0   3  3  0  1  0  1/1    12:32   0:02   1:14 
Dominic Moore            1  0  1   1  0   3  0  1  1  1  8/14   15:10   0:00   4:25 
George Parros            0  2  2   1  0   0  2  0  0  1  0/0    10:45   0:00   0:00 
Henrik Zetterberg        1  0  1   0  2   3  2  0  2  0  1/1    20:11   2:22   0:00 
Jamie Langenbrunner      0  0  0   1  0   2  2  0  0  0  1/2    22:17   0:02   4:25 
Jeff Schultz             0  1  1   0  0   2  2  1  0  0  0/0    19:28   0:00   3:24 
John Carlson             0  1  1   2  0   0  1  0  0  0  0/0    16:35   2:22   1:04 
Johnny Oduya             0  2  2   1  2   1  1  0  0  0  0/0    22:36   2:22   0:00 
Kris Versteeg            0  3  3   2  0   3  2  0  1  0  2/2    18:09   2:22   2:17 
Linus Omark              0  0  0   0  0   0  0  1  0  0  1/1     7:16   0:00   0:00 
Oleg Kvasha              0  0  0   0  0   0  0  0  0  0  0/3     8:49   0:00   1:14 
Robert Nilsson           0  1  1   0  0   4  2  0  2  0  8/19   20:00   2:22   0:00 
Scott Gomez              1  0  1   3  0   2  1  0  1  0  5/16   16:01   0:02   2:17 
Sheldon Keefe            0  0  0   0  2   0  1  0  0  0  0/0     7:22   0:00   0:00 
Steve Bernier            0  0  0   1  0   3  0  0  0  0  0/0    13:09   0:00   0:00 
Steve McCarthy           0  1  1   2  2   0  1  2  0  0  0/0    23:45   0:02   3:17 
Wes O'Neill              1  0  1   3  0   1  0  2  0  0  0/0    18:02   0:00   4:32 

3 Stars

1 - Chris Higgins (Chi)
2 - Kris Versteeg (Chi)
3 - Jocelyn Thibault (Chi)

Power Play

Blue Jackets - 0 on 4 Attempt(s) - 0,00%
Blackhawks - 1 on 3 Attempt(s) - 33,33%

Penalty Kill

Blue Jackets - 2 on 3 Attempt(s) - 66,67% - Score 0 goal in Penalty Kill
Blackhawks - 4 on 4 Attempt(s) - 100,00% - Score 0 goal in Penalty Kill

Official

Referees : Ciamaga Chris and Walsh Ian
Linesman : Jean Morin and Brad Kovachik

Game Notes

No Game Note

Finance

Level 1 -- Attendance: 4447 (74,12%) -- Ticket Income 391 336 $
Level 2 -- Attendance: 5000 (100,00%) -- Ticket Income 265 000 $
Level 3 -- Attendance: 1512 (75,60%) -- Ticket Income 51 408 $
Level 4 -- Attendance: 3226 (80,65%) -- Ticket Income 70 972 $
Luxury Box -- Attendance: 991 (99,10%) -- Ticket Income 163 515 $
Game was played at the Chicago Stadium
Total Attendance: 15176 (84,31%)
Total Ticket Income: 942 231 $
Other Income: 141 335 $
Total Income: 1 083 566 $

Blue Jackets

5 vs 5 Forward 
   Center                   Left Wing                Right Wing               Time % Phy DF OF 
 1 Marc Savard              David Booth              Blake Wheeler            40     1   2  2  
 2 Jan Bulis                Marcus Nilson            Pavel Bure               30     1   2  2  
 3 Chris Kelly              Ramzi Abid               Adam Deadmarsh           20     1   2  2  
 4 Dave Steckel             Jeff Taffe               Jason Ward               10     1   2  2  

5 vs 5 Defense 
   Defense                  Defense                                           Time % Phy DF OF 
 1 Branislav Mezei          Wade Redden                                       40     1   2  2  
 2 François Beauchemin      Brad Stuart                                       30     1   2  2  
 3 Mike Commodore           A.J Thelen                                        20     1   2  2  
 4 Branislav Mezei          Wade Redden                                       10     1   2  2  

PowerPlay Forward 
   Center                   Left Wing                Right Wing               Time % Phy DF OF 
 1 Marc Savard              David Booth              Pavel Bure               60     1   2  2  
 2 Jan Bulis                Ramzi Abid               Blake Wheeler            40     1   2  2  

PowerPlay Defense
   Defense                  Defense                                           Time % Phy DF OF 
 1 Branislav Mezei          Wade Redden                                       60     1   2  2  
 2 François Beauchemin      Brad Stuart                                       40     1   2  2  

Penalty Kill 4 Players Forward 
   Center                   Wing                     Time % Phy DF OF 
 1 Marc Savard              David Booth              60     1   2  2  
 2 Pavel Bure               Blake Wheeler            40     1   2  2  

Penalty Kill 4 Players Defense
   Defense                  Defense                  Time % Phy DF OF 
 1 Branislav Mezei          Wade Redden              60     1   2  2  
 2 François Beauchemin      Brad Stuart              40     1   2  2  

Penalty Kill - 3 Players Forward 
   Forward                                           Time % Phy DF OF 
 1 Marc Savard                                       60     1   2  2  
 2 David Booth                                       40     1   2  2  

Penalty Kill - 3 Players Defense
   Defense                  Defense                  Time % Phy DF OF 
 1 Branislav Mezei          Wade Redden              60     1   2  2  
 2 François Beauchemin      Brad Stuart              40     1   2  2  

4 vs 4 Forward 
   Center                   Wing                     Time % Phy DF OF 
 1 Marc Savard              David Booth              60     1   2  2  
 2 Pavel Bure               Blake Wheeler            40     1   2  2  

4 vs 4 Defense
   Defense                  Defense                  Time % Phy DF OF 
 1 Branislav Mezei          Wade Redden              60     1   2  2  
 2 François Beauchemin      Brad Stuart              40     1   2  2  

Last Minutes Offensive
   Center                   Left Wing                Right Wing               Defense                  Defense                  
   Marc Savard              David Booth              Pavel Bure               Branislav Mezei          Wade Redden              

Last Minutes Defensive
   Center                   Left Wing                Right Wing               Defense                  Defense                  
   Marc Savard              David Booth              Pavel Bure               Branislav Mezei          Wade Redden              

Goaltenders
Starting : Mathieu Garon            
Backup : Rick DiPietro            

Extra Forwards
Normal : Marcus Nilson, Chris Kelly, Jeff Taffe - PP : Marcus Nilson, Chris Kelly - PK : Jeff Taffe
Extra Defensemen
Normal : Mike Commodore, A.J Thelen, François Beauchemin - PP : Mike Commodore - PK : A.J Thelen, François Beauchemin
Penalty Shots
Marc Savard, David Booth, Pavel Bure, Blake Wheeler, Ramzi Abid

Blackhawks

5 vs 5 Forward 
   Center                   Left Wing                Right Wing               Time % Phy DF OF 
 1 Robert Nilsson           Henrik Zetterberg        Jamie Langenbrunner      40     1   2  2  
 2 Scott Gomez              Kris Versteeg            Steve Bernier            30     1   2  2  
 3 Dominic Moore            Chris Higgins            George Parros            20     1   2  2  
 4 Oleg Kvasha              Linus Omark              Sheldon Keefe            10     1   2  2  

5 vs 5 Defense 
   Defense                  Defense                                           Time % Phy DF OF 
 1 Johnny Oduya             Steve McCarthy                                    40     1   2  2  
 2 Jeff Schultz             Chris Campoli                                     30     1   2  2  
 3 Wes O'Neill              John Carlson                                      20     1   2  2  
 4 Johnny Oduya             Steve McCarthy                                    10     1   2  2  

PowerPlay Forward 
   Center                   Left Wing                Right Wing               Time % Phy DF OF 
 1 Robert Nilsson           Henrik Zetterberg        Kris Versteeg            60     1   0  4  
 2 Scott Gomez              Chris Higgins            Jamie Langenbrunner      40     1   0  4  

PowerPlay Defense
   Defense                  Defense                                           Time % Phy DF OF 
 1 Johnny Oduya             John Carlson                                      60     1   1  3  
 2 Steve McCarthy           Chris Campoli                                     40     1   1  3  

Penalty Kill 4 Players Forward 
   Center                   Wing                     Time % Phy DF OF 
 1 Dominic Moore            Jamie Langenbrunner      60     1   3  1  
 2 Kris Versteeg            Scott Gomez              40     1   3  1  

Penalty Kill 4 Players Defense
   Defense                  Defense                  Time % Phy DF OF 
 1 Wes O'Neill              Steve McCarthy           60     1   3  1  
 2 Jeff Schultz             Chris Campoli            40     1   3  1  

Penalty Kill - 3 Players Forward 
   Forward                                           Time % Phy DF OF 
 1 Henrik Zetterberg                                 60     1   4  0  
 2 Robert Nilsson                                    40     1   4  0  

Penalty Kill - 3 Players Defense
   Defense                  Defense                  Time % Phy DF OF 
 1 Johnny Oduya             Steve McCarthy           60     1   4  0  
 2 Jeff Schultz             Chris Campoli            40     1   4  0  

4 vs 4 Forward 
   Center                   Wing                     Time % Phy DF OF 
 1 Robert Nilsson           Henrik Zetterberg        60     1   2  2  
 2 Scott Gomez              Kris Versteeg            40     1   2  2  

4 vs 4 Defense
   Defense                  Defense                  Time % Phy DF OF 
 1 Johnny Oduya             Steve McCarthy           60     1   2  2  
 2 Jeff Schultz             Chris Campoli            40     1   2  2  

Last Minutes Offensive
   Center                   Left Wing                Right Wing               Defense                  Defense                  
   Robert Nilsson           Henrik Zetterberg        Kris Versteeg            Johnny Oduya             Steve McCarthy           

Last Minutes Defensive
   Center                   Left Wing                Right Wing               Defense                  Defense                  
   Robert Nilsson           Henrik Zetterberg        Jamie Langenbrunner      Johnny Oduya             Steve McCarthy           

Goaltenders
Starting : Jocelyn Thibault         
Backup : Roberto Luongo           

Extra Forwards
Normal : Chris Higgins, Dominic Moore, Oleg Kvasha - PP : Chris Higgins, Dominic Moore - PK : Oleg Kvasha
Extra Defensemen
Normal : Wes O'Neill, John Carlson, Jeff Schultz - PP : Wes O'Neill - PK : John Carlson, Jeff Schultz
Penalty Shots
Henrik Zetterberg, Robert Nilsson, Kris Versteeg, Scott Gomez, Jamie Langenbrunner

% Time on Ice - Blue Jackets

Lines # - Real PCT - Wanted PCT - Time Play
Normal Forward
1 - 32% - 40% - 15:55
2 - 27% - 30% - 13:33
3 - 21% - 20% - 10:25
4 - 20% - 10% - 9:47
Normal Defense
1 - 37% - 40% - 18:32
2 - 33% - 30% - 16:37
3 - 26% - 20% - 12:45
4 - 4% - 10% - 1:46
PP Forward
1 - 56% - 60% - 4:28
2 - 44% - 40% - 3:28
PP Defense
1 - 69% - 60% - 5:30
2 - 31% - 40% - 2:26
PK Forward
1 - 76% - 60% - 1:50
2 - 24% - 40% - 0:34
PK Defense
1 - 65% - 60% - 1:34
2 - 35% - 40% - 0:50
PK3 Forward
1 - 0% - 60%
2 - 0% - 40%
PK3 Defense
1 - 0% - 60%
2 - 0% - 40%
44 Forward
1 - 0% - 60%
2 - 0% - 40%
44 Defense
1 - 0% - 60%
2 - 0% - 40%
Last Minute Offensive  - 0:00
Last Minute Defensive  - 0:00
Total
Forward - 60:00
Defense - 60:00

% Time on Ice - Blackhawks

Lines # - Real PCT - Wanted PCT - Time Play
Normal Forward
1 - 36% - 40% - 17:57
2 - 28% - 30% - 13:42
3 - 22% - 20% - 10:45
4 - 15% - 10% - 7:16
Normal Defense
1 - 36% - 40% - 17:50
2 - 33% - 30% - 16:16
3 - 26% - 20% - 13:09
4 - 5% - 10% - 2:25
PP Forward
1 - 99% - 60% - 2:22
2 - 1% - 40% - 0:02
PP Defense
1 - 99% - 60% - 2:22
2 - 1% - 40% - 0:02
PK Forward
1 - 71% - 60% - 5:39
2 - 29% - 40% - 2:17
PK Defense
1 - 57% - 60% - 4:32
2 - 43% - 40% - 3:24
PK3 Forward
1 - 0% - 60%
2 - 0% - 40%
PK3 Defense
1 - 0% - 60%
2 - 0% - 40%
44 Forward
1 - 0% - 60%
2 - 0% - 40%
44 Defense
1 - 0% - 60%
2 - 0% - 40%
Last Minute Offensive  - 0:00
Last Minute Defensive  - 0:00
Total
Forward - 60:00
Defense - 60:00

Play by Play

1st period


0:01 of 1st period - Marc Savard wins face-off versus Robert Nilsson in neutral zone.
0:06 of 1st period - Slapshot by Blake Wheeler.
0:06 of 1st period - Stopped by Jocelyn Thibault with a rebound.
0:08 of 1st period - Snap shot by David Booth.
0:08 of 1st period - Shot Misses the Net.
0:16 of 1st period - Slapshot by Marc Savard.
0:16 of 1st period - Shot Misses the Net.
0:30 of 1st period - Slapshot by Kris Versteeg.
0:30 of 1st period - Stopped by Mathieu Garon with a rebound.
0:38 of 1st period - Icing by Scott Gomez.
0:39 of 1st period - Scott Gomez wins face-off versus Chris Kelly in Blackhawks zone.
2:18 of 1st period - Snap shot by Robert Nilsson.
2:18 of 1st period - Stopped by Mathieu Garon with a rebound.
2:20 of 1st period - Slapshot by Jeff Schultz.
2:20 of 1st period - Stopped by Mathieu Garon with a rebound.
2:22 of 1st period - Snap shot by Chris Campoli.
2:22 of 1st period - Stopped by Mathieu Garon with a rebound.
2:24 of 1st period - Slapshot by Chris Campoli.
2:24 of 1st period - Stopped by Mathieu Garon without a rebound.
2:25 of 1st period - Marc Savard wins face-off versus Oleg Kvasha in Blue Jackets zone.
2:55 of 1st period - Snap shot by Pavel Bure.
2:55 of 1st period - Shot Blocked by Linus Omark.
4:16 of 1st period - Snap shot by Pavel Bure.
4:16 of 1st period - Stopped by Jocelyn Thibault without a rebound.
4:17 of 1st period - Jan Bulis wins face-off versus Robert Nilsson in Blackhawks zone.
4:22 of 1st period - Slapshot by Pavel Bure.
4:22 of 1st period - Stopped by Jocelyn Thibault with a rebound.
4:24 of 1st period - Slapshot by Branislav Mezei.
4:24 of 1st period - Deflect By Pavel Bure.
4:24 of 1st period - Deflect By Steve McCarthy.
4:24 of 1st period - Shot Misses the Net.
4:24 of 1st period - Puck is out of play.
4:25 of 1st period - Marc Savard wins face-off versus Scott Gomez in Blackhawks zone.
4:26 of 1st period - Snap shot by Blake Wheeler.
4:26 of 1st period - Shot Misses the Net.
4:40 of 1st period - Snap shot by Kris Versteeg.
4:40 of 1st period - Shot Misses the Net.
4:50 of 1st period - Johnny Oduya is hit by Marcus Nilson and loses puck.
5:17 of 1st period - Mike Commodore is hit by George Parros and loses puck.
5:22 of 1st period - Wrist shot by Chris Higgins.
5:22 of 1st period - Shot Hit the Post.
5:59 of 1st period - Minor Penalty to Steve McCarthy for Holding.
6:00 of 1st period - Dominic Moore wins face-off versus Marc Savard in Blackhawks zone.
6:25 of 1st period - Dominic Moore is hit by Ramzi Abid and loses puck.
7:51 of 1st period - Marc Savard is hit by Chris Campoli and loses puck.
7:59 of 1st period - Penalty to Steve McCarthy is over, Steve McCarthy is back on ice.
9:12 of 1st period - Jan Bulis is hit by Henrik Zetterberg and loses puck.
9:25 of 1st period - Branislav Mezei is hit by John Carlson and loses puck.
9:45 of 1st period - Ramzi Abid is hit by Sheldon Keefe and loses puck.
10:08 of 1st period - Wrist shot by Chris Higgins.
10:08 of 1st period - Stopped by Mathieu Garon without a rebound.
10:09 of 1st period - Marc Savard wins face-off versus Scott Gomez in Blue Jackets zone.
10:54 of 1st period - Snap shot by Ramzi Abid.
10:54 of 1st period - Goal by Ramzi Abid - Blue Jackets : 1 - Blackhawks : 0.
10:55 of 1st period - Robert Nilsson wins face-off versus Marc Savard in neutral zone.
11:34 of 1st period - Snap shot by Kris Versteeg.
11:34 of 1st period - Deflect By Steve Bernier.
11:34 of 1st period - Stopped by Mathieu Garon with a rebound.
12:03 of 1st period - Off-side.
12:04 of 1st period - Dave Steckel wins face-off versus Oleg Kvasha in neutral zone.
12:31 of 1st period - Branislav Mezei is hit by Jamie Langenbrunner and loses puck.
12:57 of 1st period - Slapshot by Scott Gomez.
12:57 of 1st period - Goal by Scott Gomez - Blue Jackets : 1 - Blackhawks : 1.
12:58 of 1st period - Marc Savard wins face-off versus Robert Nilsson in neutral zone.
13:12 of 1st period - Icing by Steve McCarthy.
13:13 of 1st period - Jan Bulis wins face-off versus Robert Nilsson in Blackhawks zone.
13:52 of 1st period - David Booth is hit by Robert Nilsson and loses puck.
14:52 of 1st period - Snap shot by Jan Bulis.
14:52 of 1st period - Stopped by Jocelyn Thibault without a rebound.
14:53 of 1st period - Scott Gomez wins face-off versus Marc Savard in Blackhawks zone.
15:07 of 1st period - Off-side.
15:08 of 1st period - Robert Nilsson wins face-off versus Jan Bulis in neutral zone.
15:11 of 1st period - Slapshot by Jamie Langenbrunner.
15:11 of 1st period - Stopped by Mathieu Garon with a rebound.
15:13 of 1st period - Slapshot by Jeff Schultz.
15:13 of 1st period - Shot Blocked by Wade Redden.
15:15 of 1st period - Slapshot by Chris Campoli.
15:15 of 1st period - Shot Blocked by Jan Bulis.
15:17 of 1st period - Wrist shot by Henrik Zetterberg.
15:17 of 1st period - Shot Blocked by Wade Redden.
15:19 of 1st period - Slapshot by Jamie Langenbrunner.
15:19 of 1st period - Shot Misses the Net.
15:21 of 1st period - Slapshot by Jeff Schultz.
15:21 of 1st period - Shot Blocked by Jan Bulis.
15:23 of 1st period - Slapshot by Chris Campoli.
15:23 of 1st period - Stopped by Mathieu Garon with a rebound.
15:25 of 1st period - Wrist shot by Henrik Zetterberg.
15:25 of 1st period - Shot Misses the Net.
15:32 of 1st period - Icing by Marcus Nilson.
15:33 of 1st period - Jan Bulis wins face-off versus Scott Gomez in Blue Jackets zone.
15:40 of 1st period - Wrist shot by David Booth.
15:40 of 1st period - Stopped by Jocelyn Thibault without a rebound.
15:41 of 1st period - Robert Nilsson wins face-off versus Marc Savard in Blackhawks zone.
15:41 of 1st period - Robert Nilsson is hit by Marc Savard.
15:47 of 1st period - Slapshot by Marc Savard.
15:47 of 1st period - Stopped by Jocelyn Thibault without a rebound.
15:48 of 1st period - Robert Nilsson wins face-off versus Marc Savard in Blackhawks zone.
16:15 of 1st period - Wrist shot by Robert Nilsson.
16:15 of 1st period - Stopped by Mathieu Garon without a rebound.
16:16 of 1st period - Kris Versteeg wins face-off versus Jan Bulis in Blue Jackets zone.
16:17 of 1st period - Wrist shot by Scott Gomez.
16:17 of 1st period - Shot Misses the Net.
16:29 of 1st period - Kris Versteeg is hit by A.J Thelen and loses puck.
16:47 of 1st period - Off-side.
16:48 of 1st period - Chris Higgins wins face-off versus Marc Savard in neutral zone.
16:51 of 1st period - Wade Redden is hit by Chris Higgins and loses puck.
17:40 of 1st period - Slapshot by Brad Stuart.
17:40 of 1st period - Shot Misses the Net.
17:48 of 1st period - Slapshot by Jamie Langenbrunner.
17:48 of 1st period - Shot Misses the Net.
18:28 of 1st period - Snap shot by Robert Nilsson.
18:28 of 1st period - Shot Misses the Net.
18:30 of 1st period - Snap shot by Robert Nilsson.
18:30 of 1st period - Shot Misses the Net.
18:42 of 1st period - Slapshot by Brad Stuart.
18:42 of 1st period - Shot Misses the Net.
18:58 of 1st period - Snap shot by Dave Steckel.
18:58 of 1st period - Shot Blocked by Wes O'Neill.
19:18 of 1st period - Snap shot by Robert Nilsson.
19:18 of 1st period - Stopped by Mathieu Garon with a rebound.
19:36 of 1st period - Backhand shot by Henrik Zetterberg.
19:36 of 1st period - Shot Blocked by Brad Stuart.
19:38 of 1st period - Wrist shot by John Carlson.
19:38 of 1st period - Deflect By Robert Nilsson.
19:38 of 1st period - Shot Misses the Net.
19:38 of 1st period - Puck is out of play.
19:39 of 1st period - Scott Gomez wins face-off versus Marc Savard in Blue Jackets zone.
Goals for this period are 1 for Blue Jackets vs 1 for Blackhawks.
Shots for this period are 7 for Blue Jackets vs 12 for Blackhawks.

2nd period


0:01 of 2nd period - Scott Gomez wins face-off versus Marc Savard in neutral zone.
0:41 of 2nd period - Snap shot by Steve Bernier.
0:41 of 2nd period - Shot Misses the Net.
0:43 of 2nd period - Wrist shot by Kris Versteeg.
0:43 of 2nd period - Shot Blocked by Marcus Nilson.
0:45 of 2nd period - Slapshot by Steve McCarthy.
0:45 of 2nd period - Shot Misses the Net.
0:47 of 2nd period - Wrist shot by Steve Bernier.
0:47 of 2nd period - Shot Blocked by Pavel Bure.
0:49 of 2nd period - Wrist shot by Steve Bernier.
0:49 of 2nd period - Deflect By Pavel Bure.
0:49 of 2nd period - Stopped by Mathieu Garon with a rebound.
0:53 of 2nd period - Snap shot by Kris Versteeg.
0:53 of 2nd period - Shot Misses the Net.
0:55 of 2nd period - Wrist shot by Kris Versteeg.
0:55 of 2nd period - Stopped by Mathieu Garon with a rebound.
0:57 of 2nd period - Slapshot by Steve McCarthy.
0:57 of 2nd period - Shot Blocked by Mike Commodore.
0:59 of 2nd period - Slapshot by Johnny Oduya.
0:59 of 2nd period - Stopped by Mathieu Garon without a rebound.
1:00 of 2nd period - Marc Savard wins face-off versus Dominic Moore in Blue Jackets zone.
1:00 of 2nd period - Marc Savard is hit by Chris Campoli.
1:10 of 2nd period - Wrist shot by Marc Savard.
1:10 of 2nd period - Deflect By David Booth.
1:10 of 2nd period - Stopped by Jocelyn Thibault with a rebound.
1:16 of 2nd period - Snap shot by Blake Wheeler.
1:16 of 2nd period - Shot Blocked by Dominic Moore.
1:26 of 2nd period - Wade Redden is hit by Jeff Schultz.
1:36 of 2nd period - Wrist shot by Robert Nilsson.
1:36 of 2nd period - Shot Misses the Net.
1:59 of 2nd period - Off-side.
2:00 of 2nd period - Dominic Moore wins face-off versus Marc Savard in neutral zone.
2:25 of 2nd period - Marcus Nilson is hit by Scott Gomez and loses puck.
2:48 of 2nd period - Snap shot by Chris Kelly.
2:48 of 2nd period - Stopped by Jocelyn Thibault with a rebound.
3:16 of 2nd period - Snap shot by Jeff Taffe.
3:16 of 2nd period - Shot Misses the Net.
3:25 of 2nd period - Off-side.
3:26 of 2nd period - Dominic Moore wins face-off versus Jan Bulis in neutral zone.
3:51 of 2nd period - Scott Gomez is hit by Blake Wheeler and loses puck.
4:00 of 2nd period - Slapshot by David Booth.
4:00 of 2nd period - Shot Misses the Net.
4:02 of 2nd period - Slapshot by A.J Thelen.
4:02 of 2nd period - Shot Misses the Net.
4:04 of 2nd period - Wrist shot by Blake Wheeler.
4:04 of 2nd period - Shot Blocked by Chris Campoli.
5:25 of 2nd period - Slapshot by Branislav Mezei.
5:25 of 2nd period - Stopped by Jocelyn Thibault with a rebound.
5:27 of 2nd period - Snap shot by Marcus Nilson.
5:27 of 2nd period - Shot Misses the Net.
5:29 of 2nd period - Snap shot by Pavel Bure.
5:29 of 2nd period - Stopped by Jocelyn Thibault with a rebound.
5:31 of 2nd period - Wrist shot by Jan Bulis.
5:31 of 2nd period - Deflect By Marcus Nilson.
5:31 of 2nd period - Shot Misses the Net.
5:31 of 2nd period - Puck is out of play.
5:32 of 2nd period - Robert Nilsson wins face-off versus Marc Savard in Blackhawks zone.
6:58 of 2nd period - Snap shot by Marcus Nilson.
6:58 of 2nd period - Stopped by Jocelyn Thibault without a rebound.
6:59 of 2nd period - Marc Savard wins face-off versus Scott Gomez in Blackhawks zone.
7:24 of 2nd period - Dominic Moore is hit by Marcus Nilson and loses puck.
7:47 of 2nd period - Chris Kelly is hit by Jeff Schultz and loses puck.
8:29 of 2nd period - Wade Redden is hit by Chris Higgins and loses puck.
8:34 of 2nd period - Snap shot by Dominic Moore.
8:34 of 2nd period - Stopped by Mathieu Garon with a rebound.
9:11 of 2nd period - Snap shot by Chris Kelly.
9:11 of 2nd period - Stopped by Jocelyn Thibault without a rebound.
9:12 of 2nd period - Marc Savard wins face-off versus Dominic Moore in Blackhawks zone.
9:17 of 2nd period - Snap shot by Blake Wheeler.
9:17 of 2nd period - Shot Blocked by Wes O'Neill.
9:30 of 2nd period - Minor Penalty to Mike Commodore for Holding.
9:31 of 2nd period - Robert Nilsson wins face-off versus Marc Savard in Blue Jackets zone.
9:31 of 2nd period - Slapshot by Kris Versteeg.
9:31 of 2nd period - Shot Blocked by Branislav Mezei.
11:30 of 2nd period - Penalty to Mike Commodore is over, Mike Commodore is back on ice.
11:33 of 2nd period - Slapshot by Jamie Langenbrunner.
11:33 of 2nd period - Shot Blocked by Branislav Mezei.
11:35 of 2nd period - Wrist shot by Jamie Langenbrunner.
11:35 of 2nd period - Shot Blocked by Wade Redden.
11:37 of 2nd period - Slapshot by Steve McCarthy.
11:37 of 2nd period - Shot Misses the Net.
11:39 of 2nd period - Slapshot by Chris Campoli.
11:39 of 2nd period - Shot Blocked by Branislav Mezei.
11:41 of 2nd period - Wrist shot by Chris Higgins.
11:41 of 2nd period - Goal by Chris Higgins - Blue Jackets : 1 - Blackhawks : 2.
11:42 of 2nd period - Jan Bulis wins face-off versus Dominic Moore in neutral zone.
11:47 of 2nd period - Snap shot by Brad Stuart.
11:47 of 2nd period - Stopped by Jocelyn Thibault with a rebound.
11:49 of 2nd period - Wrist shot by Marcus Nilson.
11:49 of 2nd period - Stopped by Jocelyn Thibault without a rebound.
11:50 of 2nd period - Dominic Moore wins face-off versus Jan Bulis in Blackhawks zone.
11:55 of 2nd period - Wrist shot by Jan Bulis.
11:55 of 2nd period - Deflect By Marcus Nilson.
11:55 of 2nd period - Shot Misses the Net.
11:55 of 2nd period - Puck is out of play.
11:56 of 2nd period - Dominic Moore wins face-off versus Marc Savard in Blackhawks zone.
12:03 of 2nd period - Wrist shot by Blake Wheeler.
12:03 of 2nd period - Deflect By Marc Savard.
12:03 of 2nd period - Shot Blocked by Jeff Schultz.
12:03 of 2nd period - Puck is out of play.
12:04 of 2nd period - Marc Savard wins face-off versus Dominic Moore in Blackhawks zone.
12:19 of 2nd period - Wrist shot by Blake Wheeler.
12:19 of 2nd period - Stopped by Jocelyn Thibault without a rebound.
12:20 of 2nd period - Linus Omark wins face-off versus Marcus Nilson in Blackhawks zone.
13:11 of 2nd period - Wrist shot by Ramzi Abid.
13:11 of 2nd period - Shot Misses the Net.
13:13 of 2nd period - Slapshot by Mike Commodore.
13:13 of 2nd period - Deflect By Robert Nilsson.
13:13 of 2nd period - Stopped by Jocelyn Thibault without a rebound.
13:14 of 2nd period - Marc Savard wins face-off versus Robert Nilsson in Blackhawks zone.
13:23 of 2nd period - Wrist shot by Marc Savard.
13:23 of 2nd period - Shot Blocked by Steve McCarthy.
13:51 of 2nd period - Snap shot by Scott Gomez.
13:51 of 2nd period - Shot Misses the Net.
14:03 of 2nd period - Snap shot by Ramzi Abid.
14:03 of 2nd period - Stopped by Jocelyn Thibault without a rebound.
14:04 of 2nd period - Dominic Moore wins face-off versus Chris Kelly in Blackhawks zone.
15:30 of 2nd period - Snap shot by Marc Savard.
15:30 of 2nd period - Stopped by Jocelyn Thibault with a rebound.
15:36 of 2nd period - Marc Savard is hit by George Parros and loses puck.
16:43 of 2nd period - Icing by Pavel Bure.
16:44 of 2nd period - Henrik Zetterberg wins face-off versus Jan Bulis in Blue Jackets zone.
17:11 of 2nd period - A.J Thelen is hit by Steve McCarthy and loses puck.
17:20 of 2nd period - Slapshot by Robert Nilsson.
17:20 of 2nd period - Shot Misses the Net.
17:22 of 2nd period - Snap shot by Jeff Schultz.
17:22 of 2nd period - Deflect By Marcus Nilson.
17:22 of 2nd period - Stopped by Mathieu Garon without a rebound.
17:23 of 2nd period - Marc Savard wins face-off versus Scott Gomez in Blue Jackets zone.
17:30 of 2nd period - Snap shot by Wade Redden.
17:30 of 2nd period - Stopped by Jocelyn Thibault with a rebound.
17:50 of 2nd period - Adam Deadmarsh is hit by Johnny Oduya and loses puck.
18:48 of 2nd period - Snap shot by David Booth.
18:48 of 2nd period - Shot Misses the Net.
19:02 of 2nd period - Wrist shot by Steve Bernier.
19:02 of 2nd period - Stopped by Mathieu Garon with a rebound.
19:28 of 2nd period - Slapshot by Robert Nilsson.
19:28 of 2nd period - Shot Misses the Net.
Goals for this period are 0 for Blue Jackets vs 1 for Blackhawks.
Shots for this period are 13 for Blue Jackets vs 7 for Blackhawks.

3rd period


0:01 of 3rd period - Marc Savard wins face-off versus Scott Gomez in neutral zone.
0:01 of 3rd period - Wade Redden is hit by Kris Versteeg.
0:13 of 3rd period - Slapshot by David Booth.
0:13 of 3rd period - Shot Misses the Net.
0:29 of 3rd period - Icing by Robert Nilsson.
0:30 of 3rd period - Jan Bulis wins face-off versus Robert Nilsson in Blackhawks zone.
0:31 of 3rd period - Snap shot by Marcus Nilson.
0:31 of 3rd period - Stopped by Jocelyn Thibault without a rebound.
0:32 of 3rd period - Robert Nilsson wins face-off versus Jan Bulis in Blackhawks zone.
0:55 of 3rd period - François Beauchemin is hit by Jamie Langenbrunner and loses puck.
1:08 of 3rd period - Snap shot by Robert Nilsson.
1:08 of 3rd period - Stopped by Mathieu Garon with a rebound.
1:10 of 3rd period - Slapshot by Chris Campoli.
1:10 of 3rd period - Shot Misses the Net.
1:12 of 3rd period - Slapshot by Chris Campoli.
1:12 of 3rd period - Shot Misses the Net.
1:14 of 3rd period - Slapshot by Henrik Zetterberg.
1:14 of 3rd period - Shot Blocked by Jan Bulis.
1:16 of 3rd period - Slapshot by Henrik Zetterberg.
1:16 of 3rd period - Shot Blocked by Pavel Bure.
1:22 of 3rd period - Snap shot by Henrik Zetterberg.
1:22 of 3rd period - Stopped by Mathieu Garon without a rebound.
1:23 of 3rd period - Marc Savard wins face-off versus Scott Gomez in Blue Jackets zone.
2:30 of 3rd period - Slapshot by Mike Commodore.
2:30 of 3rd period - Stopped by Jocelyn Thibault with a rebound.
2:32 of 3rd period - Slapshot by David Booth.
2:32 of 3rd period - Stopped by Jocelyn Thibault without a rebound.
2:33 of 3rd period - Marc Savard wins face-off versus Robert Nilsson in Blackhawks zone.
2:34 of 3rd period - Slapshot by David Booth.
2:34 of 3rd period - Stopped by Jocelyn Thibault with a rebound.
2:50 of 3rd period - Slapshot by Henrik Zetterberg.
2:50 of 3rd period - Shot Misses the Net.
3:07 of 3rd period - Wrist shot by Dominic Moore.
3:07 of 3rd period - Stopped by Mathieu Garon with a rebound.
3:09 of 3rd period - Snap shot by Dominic Moore.
3:09 of 3rd period - Goal by Dominic Moore - Blue Jackets : 1 - Blackhawks : 3.
3:10 of 3rd period - Scott Gomez wins face-off versus Jan Bulis in neutral zone.
3:31 of 3rd period - Minor Penalty to Johnny Oduya for Roughing.
3:32 of 3rd period - Marc Savard wins face-off versus Dominic Moore in Blackhawks zone.
3:37 of 3rd period - Wrist shot by David Booth.
3:37 of 3rd period - Stopped by Jocelyn Thibault with a rebound.
3:39 of 3rd period - Snap shot by Marc Savard.
3:39 of 3rd period - Stopped by Jocelyn Thibault with a rebound.
3:41 of 3rd period - Slapshot by Wade Redden.
3:41 of 3rd period - Shot Blocked by Steve McCarthy.
3:43 of 3rd period - Wrist shot by Pavel Bure.
3:43 of 3rd period - Deflect By David Booth.
3:43 of 3rd period - Shot Misses the Net.
3:43 of 3rd period - Puck is out of play.
3:44 of 3rd period - Jamie Langenbrunner wins face-off versus Marc Savard in Blackhawks zone.
4:09 of 3rd period - Wes O'Neill is hit by Jan Bulis and loses puck.
5:31 of 3rd period - Penalty to Johnny Oduya is over, Johnny Oduya is back on ice.
5:45 of 3rd period - Snap shot by Kris Versteeg.
5:45 of 3rd period - Shot Misses the Net.
5:47 of 3rd period - Slapshot by Wes O'Neill.
5:47 of 3rd period - Shot Misses the Net.
5:49 of 3rd period - Snap shot by Kris Versteeg.
5:49 of 3rd period - Shot Misses the Net.
5:51 of 3rd period - Slapshot by Wes O'Neill.
5:51 of 3rd period - Goal by Wes O'Neill - Blue Jackets : 1 - Blackhawks : 4.
5:52 of 3rd period - Marc Savard wins face-off versus Robert Nilsson in neutral zone.
6:09 of 3rd period - Wrist shot by Jamie Langenbrunner.
6:09 of 3rd period - Stopped by Mathieu Garon without a rebound.
6:10 of 3rd period - Jan Bulis wins face-off versus Scott Gomez in Blue Jackets zone.
7:07 of 3rd period - Snap shot by Chris Kelly.
7:07 of 3rd period - Stopped by Jocelyn Thibault without a rebound.
7:08 of 3rd period - Marc Savard wins face-off versus Robert Nilsson in Blackhawks zone.
7:31 of 3rd period - Minor Penalty to Henrik Zetterberg for Goalie Interference.
7:32 of 3rd period - Dominic Moore wins face-off versus Marc Savard in Blackhawks zone.
8:01 of 3rd period - Steve McCarthy is hit by Blake Wheeler and loses puck.
8:29 of 3rd period - Snap shot by Wade Redden.
8:29 of 3rd period - Deflect By Kris Versteeg.
8:29 of 3rd period - Stopped by Jocelyn Thibault without a rebound.
8:30 of 3rd period - Kris Versteeg wins face-off versus Marc Savard in Blackhawks zone.
8:30 of 3rd period - Kris Versteeg is hit by Marc Savard.
9:31 of 3rd period - Penalty to Henrik Zetterberg is over, Henrik Zetterberg is back on ice.
11:02 of 3rd period - Snap shot by Scott Gomez.
11:02 of 3rd period - Stopped by Mathieu Garon without a rebound.
11:03 of 3rd period - Chris Kelly wins face-off versus Scott Gomez in Blue Jackets zone.
11:30 of 3rd period - Robert Nilsson is hit by Pavel Bure and loses puck.
11:37 of 3rd period - Snap shot by Marcus Nilson.
11:37 of 3rd period - Stopped by Jocelyn Thibault without a rebound.
11:38 of 3rd period - Marc Savard wins face-off versus Scott Gomez in Blackhawks zone.
12:03 of 3rd period - A.J Thelen is hit by Henrik Zetterberg.
12:08 of 3rd period - Minor Penalty to A.J Thelen for Cross-checking.
12:09 of 3rd period - Marc Savard wins face-off versus Robert Nilsson in Blue Jackets zone.
12:25 of 3rd period - Wrist shot by Henrik Zetterberg.
12:25 of 3rd period - Goal by Henrik Zetterberg - Blue Jackets : 1 - Blackhawks : 5.
12:26 of 3rd period - David Booth wins face-off versus Jamie Langenbrunner in neutral zone.
12:37 of 3rd period - Wrist shot by Henrik Zetterberg.
12:37 of 3rd period - Stopped by Mathieu Garon with a rebound.
13:00 of 3rd period - Wrist shot by Kris Versteeg.
13:00 of 3rd period - Stopped by Mathieu Garon with a rebound.
13:16 of 3rd period - Chris Campoli is hit by Chris Kelly and loses puck.
13:22 of 3rd period - Off-side.
13:23 of 3rd period - David Booth wins face-off versus Oleg Kvasha in neutral zone.
13:32 of 3rd period - Wrist shot by Marc Savard.
13:32 of 3rd period - Shot Misses the Net.
13:38 of 3rd period - Wrist shot by David Booth.
13:38 of 3rd period - Shot Misses the Net.
13:48 of 3rd period - Steve McCarthy is hit by Marcus Nilson and loses puck.
13:53 of 3rd period - Wrist shot by Marcus Nilson.
13:53 of 3rd period - Stopped by Jocelyn Thibault with a rebound.
14:15 of 3rd period - Steve Bernier is hit by Ramzi Abid and loses puck.
15:04 of 3rd period - Slapshot by Oleg Kvasha.
15:04 of 3rd period - Shot Misses the Net.
15:12 of 3rd period - Minor Penalty to Sheldon Keefe for Roughing.
15:13 of 3rd period - Marc Savard wins face-off versus Dominic Moore in Blackhawks zone.
15:42 of 3rd period - Slapshot by Branislav Mezei.
15:42 of 3rd period - Stopped by Jocelyn Thibault without a rebound.
15:43 of 3rd period - Dominic Moore wins face-off versus Marc Savard in Blackhawks zone.
15:43 of 3rd period - Dominic Moore is hit by Pavel Bure.
16:55 of 3rd period - Chris Campoli is hit by Jan Bulis and loses puck.
17:12 of 3rd period - Penalty to Sheldon Keefe is over, Sheldon Keefe is back on ice.
18:13 of 3rd period - A.J Thelen is hit by Kris Versteeg and loses puck.
18:24 of 3rd period - George Parros is hit by Ramzi Abid and loses puck.
19:01 of 3rd period - Marcus Nilson is hit by Robert Nilsson and loses puck.
19:13 of 3rd period - Icing by Jan Bulis.
19:14 of 3rd period - Chris Kelly wins face-off versus Scott Gomez in Blue Jackets zone.
19:37 of 3rd period - Marc Savard is hit by Chris Higgins and loses puck.
19:48 of 3rd period - Wrist shot by Chris Higgins.
19:48 of 3rd period - Goal by Chris Higgins - Blue Jackets : 1 - Blackhawks : 6.
19:49 of 3rd period - Marc Savard wins face-off versus Robert Nilsson in neutral zone.
19:51 of 3rd period - Minor Penalty to François Beauchemin for Hooking.
19:52 of 3rd period - Robert Nilsson wins face-off versus Marc Savard in Blue Jackets zone.
Goals for this period are 0 for Blue Jackets vs 4 for Blackhawks.
Shots for this period are 11 for Blue Jackets vs 11 for Blackhawks.


Output by the SimonT Hockey Simulator (STHS) for François Prévost -- Original Page W3C XHTML 1.0 Valid
Hockey Simulator - Hockey Simulation - Hockey Manager